 Dungeon Crawl Stone Soup version 0.28.0-53-g5a82cb258f (webtiles) character file.

Game seed: 4946999013362958140

95 Sin92 the Skirmisher (level 4, -3/35 HPs)
             Began as a Demonspawn Fighter on Aug 23, 2022.
             Killed from afar by a white imp (12 damage)
             ... with a puff of frost
             ... summoned by Natasha
             ... on level 2 of the Dungeon.
             The game lasted 00:01:43 (1460 turns).

Sin92 the Skirmisher (Demonspawn Fighter)           Turns: 1460, Time: 00:01:43

Health: -3/35      AC:  6    Str: 19    XL:     4   Next: 40%
Magic:  4/4        EV:  9    Int: 13    God:
Gold:   15         SH:  4    Dex: 12    Spells: 3/3 levels left

rFire   . . .      SeeInvis .   a - +0 trident (venom)
rCold   . . .      Faith    .   c - +0 buckler
rNeg    . . .      Spirit   .   b - +0 scale mail
rPois   .          Reflect  .   (no helmet)
rElec   .          Harm     .   (no cloak)
rCorr   .          Rampage  .   (no gloves)
Will    .....                   (no boots)
Stlth   ..........              (no amulet)
HPRegen 0.11/turn               (no ring)
MPRegen 0.09/turn               (no ring)

@: slowed, very slow
A: big brain 2
a: no special abilities


You were on level 2 of the Dungeon.
You visited 1 branch of the dungeon, and saw 2 of its levels.

You collected 15 gold pieces.

Inventory:

Hand Weapons
 a - a +0 trident of venom (weapon)
Armour
 b - a +0 scale mail (worn)
 c - a +0 buckler (worn)
Scrolls
 e - 6 scrolls of fog
 g - a scroll of identify
Potions
 d - a potion of might


   Skills:
 + Level 3.4 Fighting
 * Level 2.8 Polearms
 + Level 3.1 Armour
 + Level 1.2 Dodging
 + Level 3.1 Shields


You had 3 spell levels left.
You didn't know any spells.
Your spell library contained the following spells:

 Spells                   Type           Power      Damage    Failure   Level
 Beastly Appendage        Tmut           0%         N/A       77%         1
 Wereblood                Tmut           0%         N/A       88%         2
 Inner Flame              Hex/Fire       0%         N/A       98%         3
 Spider Form              Tmut/Pois      0%         N/A       98%         3
 Cause Fear               Hex            0%         N/A       100%        4
 Alistair's Intoxication  Tmut/Pois      0%         N/A       100%        5
 Borgnjor's Vile Clutch   Necr/Erth      0%         N/A       100%        5
 Eringya's Noxious Bog    Tmut/Pois      0%         N/A       100%        6
 Discord                  Hex            0%         N/A       100%        8


Dungeon Overview and Level Annotations

Branches:
Dungeon (2/15)

Altars:

Shops:
D:1 :(

Annotations:
D:2 Natasha


Innate Abilities, Weirdness & Mutations

You have an extremely huge brain. (Int +4)


Message History

There are monsters nearby!
You hit Natasha.
Natasha is moderately wounded.
Natasha barely misses you. The white imp gestures at you.
The puff of frost misses you. You block Natasha's attack.
The white imp disappears for a moment.
You block the white imp's attack.
You closely miss Natasha.
Natasha is moderately wounded.
The white imp hits you but does no damage.
The white imp gestures at you. The puff of frost hits you! Natasha claws you.
The white imp gestures at you. The puff of frost hits you.
The white imp hits you. The white imp freezes you.
The white imp gestures at you. The puff of frost misses you.
Natasha closely misses you.
You are too injured to fight recklessly!
Unknown command.
You are too injured to fight recklessly!
You hit Natasha but do no damage.
Natasha is poisoned.
Natasha is moderately wounded.
The white imp barely misses you.
The white imp hits you but does no damage.
The white imp summons a swarm of flies.
The white imp gestures at you. The puff of frost hits you!
* * * LOW HITPOINT WARNING * * *
Natasha barely misses you.
The white imp hits you but does no damage.
You block the white imp's attack. The white imp gestures at you.
The puff of frost hits you but does no damage.
You closely miss Natasha.
Natasha is heavily wounded.
Natasha misses you.
The white imp hits you but does no damage.
The white imp gestures at you. The puff of frost hits you!
You die...

.. #....# #.. ##.#.#
### #.#.### ..#...#
...####.##
######........## . ...
.....##...####...
#.##..#..###......#
#..#.......#@5###.# ##
###.........5h5....#
.###.........##...#####
..##.†)......###...
#........#...# ##$##
.........#...## .#
###......###..###.#
##.....# ##...#.#
#.....# ###...#


You could see Natasha (poisoned) and 3 white imps.

Vanquished Creatures
  Natasha (twice) (D:2)
  A worm (D:2)
  8 ball pythons
  3 bats
  2 endoplasms
  A giant cockroach (D:1)
  A goblin (D:1)
  4 hobgoblins
  4 jackals (D:2)
  4 quokkas (D:1)
  3 frilled lizards
  5 kobolds
  4 rats
42 creatures vanquished.

Notes
Turn   | Place    | Note
-------+----------+-------------------------------------------
     0 | D:1      | Sin92 the Demonspawn Fighter began the quest for the Orb.
     0 | D:1      | Reached XP level 1. HP: 18/18 MP: 1/1
   414 | D:1      | Gained mutation: You have an unusually large brain. (Int
                  | +2) [demonic ancestry]
   414 | D:1      | Reached XP level 2. HP: 24/24 MP: 2/2
   429 | D:1      | Found Qonuf's Antique Weapon Shoppe.
   429 | D:1      | Found Bahagof's Book Boutique.
  1100 | D:2      | Gained mutation: You have an extremely huge brain. (Int +4)
                  | [demonic ancestry]
  1100 | D:2      | Reached XP level 3. HP: 29/29 MP: 3/3
  1349 | D:2      | Noticed Natasha
  1360 | D:2      | Killed Natasha
  1361 | D:2      | Reached skill level 1 in Dodging
  1361 | D:2      | Reached XP level 4. HP: 29/35 MP: 4/4
  1445 | D:2      | Noticed Natasha
  1450 | D:2      | Killed Natasha
  1453 | D:2      | Noticed Natasha
  1460 | D:2      | Killed from afar by a white imp

Illustrated notes

Levels and vault maps discovered:
D:1:      dpeg_arrival_three_smaller_balls, layout_loops_ring, serial_shops,
          nicolae_shop_statue_plus, nicolae_diamond_shop, serial_park_tiny_pond
D:2:      layout_rooms, serial_shops, nicolae_shop_waterfront, basic_altar,
          uniq_natasha

Skill      XL: |  1  2  3 |
---------------+----------+-----
Polearms       | 2 |  2.8
Shields        | 3 |  3.1
Armour         | 3 |  3.1
Dodging        | 1 |  1.2
Fighting       | |  3.4

Action                   |  1- 3 |  4- 6 || total
-------------------------+-------+-------++-------
Melee: Trident           |   103 |     9 ||   112
  Use: Scroll            |     4 |       ||     4
       Potion            |     1 |       ||     1
Armor: Scale mail        |    29 |     6 ||    35
Dodge: Dodged            |    28 |     8 ||    36
Block: Buckler           |    19 |     3 ||    22
